 Dungeon Crawl Stone Soup version 0.24.0-41-g2ae2f7f1be (webtiles) character file.

Game seed: 3232512465237202347, levelgen mode: deterministic

53 Belissa the Chiller (level 3, 0/25 HPs)
             Began as a Merfolk Ice Elementalist on Dec 10, 2019.
             Slain by an ooze (3 damage)
             ... on level 3 of the Dungeon.
             The game lasted 00:29:46 (1390 turns).

Belissa the Chiller (Merfolk Ice Elementalist)      Turns: 1390, Time: 00:29:47

Health: 0/25       AC:  2    Str:  8    XL:     3   Next: 89%
Magic:  6/6        EV: 13    Int: 15    God:
Gold:   53         SH:  0    Dex: 14    Spells: 0/6 levels left

rFire    . . .     SeeInvis .   g - +0 hunting sling
rCold    . . .     Gourm    .   (no shield)
rNeg     . . .     Faith    .   a - +0 robe
rPois    .         Spirit   .   (no helmet)
rElec    .         Reflect  .   (no cloak)
rCorr    .         Harm     .   (no gloves)
MR       .....                  (no boots)
Stlth    ++........             (no amulet)
HPRegen  0.08/turn              (no ring)
MPRegen  0.10/turn              (no ring)

@: no status effects
A: change form in water, swift swim, stealthy swim
a: no special abilities


You were on level 3 of the Dungeon.
You were not hungry.

You visited 1 branch of the dungeon, and saw 3 of its levels.

You collected 53 gold pieces.

Inventory:

Hand Weapons
 g - a +0 hunting sling (weapon)
 h - a +0 spear
Missiles
 m - 28 stones (quivered)
Armour
 a - a +0 robe (worn)
Scrolls
 e - 5 scrolls of identify
 k - 2 scrolls of remove curse
Potions
 d - 2 potions of heal wounds
 l - a potion of berserk rage {unknown}
Comestibles
 c - 3 rations
 f - 5 chunks of flesh


   Skills:
 + Level 0.8 Fighting
 + Level 0.6 Polearms
 + Level 0.3(0.5) Slings
 + Level 0.5(0.7) Throwing
 + Level 3.4 Dodging
 + Level 2.4 Stealth
 + Level 2.3 Spellcasting
 - Level 0.7 Conjurations
 + Level 3.8 Ice Magic


You couldn't memorise any spells.
You knew the following spells:

 Your Spells              Type           Power        Failure   Level  Hunger
a - Freeze                Ice            ##..         4%          1    #......
b - Throw Frost           Conj/Ice       #.....       13%         2    ###....
c - Ozocubu's Armour      Chrm/Ice       #.......     28%         3    ###....

Your spell library contained the following spells:

 Spells                   Type           Power        Failure   Level  Hunger
 Throw Icicle             Conj/Ice       #.......     63%         4    #####..
 Summon Ice Beast         Ice/Summ       #.......     67%         4    #####..


Dungeon Overview and Level Annotations

Branches:
Dungeon (3/15)

Altars:


Message History

The ooze hits you. The ooze hits you. The ooze hits you.
The ooze hits you but does no damage. The ooze closely misses you.
The ooze hits you.
* * * LOW HITPOINT WARNING * * *
The ooze barely misses you. The ooze misses you.
The ooze hits you but does no damage. The ooze barely misses you.
The ooze closely misses you. The ooze completely misses you.
The ooze hits you but does no damage. The ooze misses you. The ooze hits you.
* * * LOW HITPOINT WARNING * * *
The ooze misses you. The ooze hits you.
You die...

.##.###..[#.######
..#..............#
#.######.#######.#
..# #.# #.# .##
#+# #.# .# #.# .#
#.# # ## #.#.##
#### #@J..# ...+
+...%....# ..##
####...#.# #.#
#.## # #.# ## ##
#.#.. ..#.# ###.#
#


You could see an ooze.

Vanquished Creatures
  An adder (D:2)
  2 dart slugs (D:1)
  3 ball pythons
  2 giant cockroaches (D:1)
  7 goblins (D:1)
  5 hobgoblins (D:1)
  2 jackals (D:2)
  2 bats
  4 frilled lizards
  5 kobolds (D:1)
  4 rats
37 creatures vanquished.

Notes
Turn   | Place    | Note
-------+----------+-------------------------------------------
     0 | D:1      | Belissa the Merfolk Ice Elementalist began the quest for
                  | the Orb.
     0 | D:1      | Reached XP level 1. HP: 13/13 MP: 3/3
   222 | D:1      | Reached XP level 2. HP: 7/19 MP: 0/5
   427 | D:1      | Learned a level 2 spell: Throw Frost
   645 | D:1      | Reached XP level 3. HP: 24/25 MP: 1/6
   700 | D:1      | Learned a level 3 spell: Ozocubu's Armour
  1390 | D:3      | Slain by an ooze

Levels and vault maps discovered:
D:1:      eino_arrival_cavern_a, layout_basic
D:2:      layout_loops_cross
D:3:      layout_loops_corners, amethyst_overflow_temple_binary,
          gammafunk_ghost_icy, minmay_misc_feat_pillars

Skill      XL: |  1  2 |
---------------+-------+-----
Dodging        | 3 |  3.4
Fighting       | |  0.8
Polearms       | |  0.6
Slings         | |  0.3
Throwing       | |  0.5
Stealth        | |  2.4
Spellcasting   | |  2.3
Conjurations   | |  0.7
Ice Magic      | |  3.8

Action                   || total
-------------------------++-------
Melee: Unarmed           ||     7
       Dagger            ||    10
       Spear             ||    19
 Fire: Hunting sling     ||    33
 Cast: Freeze            ||    33
       Throw Frost       ||     2
  Use: Scroll            ||     5
 Stab: Sleeping          ||     1
  Eat: Chunk             ||     2
Armor: Robe              ||    21
Dodge: Dodged            ||    61
